Map: Neon Violet Square LE

Players

moment

  • Race: Zerg Zerg
  • League: Gold
  • Spawn Location: 5:00

Kozzy - Winner!

  • Race: Protoss Protoss
  • League: Gold
  • Spawn Location: 11:00

VOD

Have the link to the VOD?

Description

Time

  • Played on: April 4, 2018, 4:10 a.m.
  • Length: 6:06
Show
View Real Time Build Order
Export as new Build Order

moment Zerg 

Build Orders: Hatch First 

Get SALT Encoding   

  12  0:01  Drone  
  13  0:14  Overlord  
  13  0:18  Drone  
  14  0:33  Drone x2  
  16  0:41  Drone  
  17  0:47  Drone  
  18  1:00  Drone, Hatchery  
  18  1:05  Extractor  
  18  1:11  Drone  
  18  1:23  Drone, Spawning Pool  
  18  1:32  Drone  
  19  1:49  Drone  
  19  1:52  Drone  
  21  2:08  Drone  
  22  2:10  Metabolic Boost  
  22  2:14  Queen x2  
  26  2:29  Zergling x4  
  27  2:30  Overlord  
  27  2:39  Drone  
  27  2:40  Roach Warren  
  27  2:41  Drone  
  28  2:58  Drone x2, Zergling x4  
  32  3:00  Drone  
  33  3:06  Overlord  
  33  3:13  Drone  
  33  3:16  Queen  
  36  3:22  Lair  
  36  3:35  Overlord  
  36  3:50  Drone x2  
  36  3:52  Drone x2  
  40  3:56  Drone x2  
  40  3:57  Hatchery  
  40  3:58  Drone  
  42  4:03  Zergling x4  
  44  4:21  Extractor  
  43  4:26  Drone x2, Extractor  
  44  4:34  Glial Reconstitution  
  44  4:39  Evolution Chamber  
  44  4:43  Evolution Chamber  
  42  4:48  Overlord x2, Hydralisk Den  
  39  4:57  Zergling x4, Roach  
  43  5:05  Overlord x2  
  43  5:08  Roach x3  
  49  5:17  Zergling x4  
  51  5:26  Roach  
  53  5:29  Drone x2  
  55  5:41  Roach x2  
Show
View Real Time Build Order
Export as new Build Order

Kozzy Protoss - Winner!

Build Orders:  

Get SALT Encoding   

  12  0:02  Probe  
  13  0:14  Probe  
  13  0:20  Pylon  
  14  0:26  Probe  
  15  0:38  Probe (Chrono Boost)  
  15  0:39  Gateway  
  17  0:50  Probe (Chrono Boost)  
  17  0:55  Probe (Chrono Boost)  
  18  1:02  Assimilator  
  18  1:05  Probe  
  18  1:06  Assimilator  
  19  1:17  Probe  
  20  1:22  Pylon  
  20  1:31  Probe  
  21  1:47  Probe  
  21  1:53  Cybernetics Core  
  22  1:54  Forge  
  22  1:56  Pylon, Zealot (Chrono Boost)  
  22  2:00  Probe  
  25  2:23  Zealot  
  25  2:24  Protoss Ground Weapons Level 1 (Chrono Boost)  
  27  2:37  Shield Battery  
  27  2:40  Warp Gate  
  27  2:47  Gateway  
  27  2:49  Pylon  
  27  3:00  Stalker  
  29  3:08  Gateway  
  29  3:24  Photon Cannon  
  29  3:40  Pylon  
  29  3:43  Zealot  
  31  3:58  Gateway  
  31  4:00  Gateway  
  31  4:09  Zealot  
  33  4:35  Pylon  
  33  4:43  Pylon  
  33  4:55  Stalker x4  
  33  4:58  Zealot  
  43  5:18  Zealot x3  
  43  5:19  Zealot x2  
  53  5:47  Stalker x5  
Tags
 
Add a new tag
Caveats
  • Supply blocks, unpowered buildings, or Contaminate may cause inaccurate times.
  • Supply counts are checked every 10 seconds.